 Dungeon Crawl Stone Soup version 0.19-a0-1238-gee6bd96 (webtiles) character file.

4488 PurpleRed the Destroyer (level 10, -2/50 HPs)
             Began as a Deep Elf Conjurer on Aug 26, 2016.
             Was an Initiate of Vehumet.
             Killed from afar by an electric eel (14 damage)
             ... with a bolt of electricity
             ... on level 10 of the Dungeon.
             The game lasted 00:28:46 (3445 turns).

PurpleRed the Destroyer (Deep Elf Conjurer)         Turns: 3445, Time: 00:28:47

Health: -2/50      AC:  4    Str:  5    XL:     10   Next: 16%
Magic:  7/26       EV: 12    Int: 24    God:    Vehumet [......]
Gold:   320        SH:  0    Dex: 15    Spells: 4 memorised, 18 levels left

rFire  . . .     SeeInvis .     r - staff of conjuration
rCold  . . .     Gourm    .     q - troll hide
rNeg   . . .     Faith    .     (no shield)
rPois  .         Spirit   .     d - +1 helmet
rElec  .         Dismiss  .     (no cloak)
rCorr  .         Reflect  .     (no gloves)
MR     +....     Harm     .     (no boots)
Stlth  ++........               (no amulet)
                                (no ring)
                                (no ring)

@: no status effects
A: no striking features
a: Renounce Religion


You were on level 10 of the Dungeon.
You worshipped Vehumet.
Vehumet was noncommittal.
You were not hungry.

You visited 2 branches of the dungeon, and saw 11 of its levels.

You collected 320 gold pieces.

Inventory:

Hand Weapons
 i - a +1 dagger
Missiles
 e - 3 javelins (quivered)
Armour
 a - a +0 robe
 d - a +1 helmet (worn)
 k - a +3 leather armour
 p - the +1 leather armour "Gacloul" {*Confuse rF+ Int+4 Dex+2}
   (You found it on level 9 of the Dungeon)

   It affects your intelligence (+4).
   It affects your dexterity (+2).
   It protects you from fire.
   It may confuse you when you take damage.
 q - a troll hide (worn)
Magical Staves
 r - an uncursed staff of conjuration (weapon)
Wands
 l - a wand of teleportation (6/9)
Scrolls
 g - a scroll of silence
 j - 3 scrolls of remove curse
 m - a scroll of enchant weapon
 n - a scroll of amnesia
 o - 5 scrolls of identify
 w - 3 scrolls of enchant armour
 x - a scroll of blinking
 y - a scroll of teleportation
Potions
 h - 3 potions of curing
Books
 b - a book of Conjurations

   Spells                             Type                      Level
   a - Magic Dart                     Conjuration                  1
   b - Searing Ray                    Conjuration                  2
   c - Dazzling Spray                 Conjuration/Hexes            3
   d - Fulminant Prism                Conjuration/Hexes            4
   e - Iskenderun's Mystic Blast      Conjuration                  4
   f - Iskenderun's Battlesphere      Conjuration/Charms           5
 s - a book of Party Tricks

   Spells                             Type                      Level
   a - Summon Butterflies             Summoning                    1
   b - Apportation                    Translocation                1
   c - Tukima's Dance                 Hexes                        3
   d - Alistair's Intoxication        Transmutation/Poison         5
   e - Invisibility                   Hexes                        6
 t - a book of Spatial Translocations

   Spells                             Type                      Level
   a - Apportation                    Translocation                1
   b - Blink                          Translocation                2
   c - Shroud of Golubria             Charms/Translocation         2
   d - Portal Projectile              Translocation                3
   e - Teleport Other                 Translocation                3
   f - Passage of Golubria            Translocation                4
Comestibles
 c - 5 bread rations
 f - 2 fruits
 u - a meat ration
 v - a beef jerky
 z - a chunk of flesh


   Skills:
 - Level 2.4 Dodging
 - Level 2.4 Stealth
 + Level 10.7 Spellcasting
 * Level 12.7 Conjurations
 - Level 7.6 Charms


You had 18 spell levels left.
You knew the following spells:

 Your Spells              Type           Power        Failure   Level  Hunger
a - Magic Dart            Conj           ####         1%          1    None
b - Searing Ray           Conj           ######       1%          2    None
c - Iskenderun's Mystic   Conj           #######.     1%          4    None
d - Iskenderun's Battles  Conj/Chrm      #######.     4%          5    ####...


Dungeon Overview and Level Annotations

Branches:
Dungeon (10/15)            Temple (1/1) D:4
   Lair: D:8-11         Orc: D:9-12

Altars:
Ashenzari
Cheibriados
Dithmenos
Elyvilon
Fedhas
Gozag
Hepliaklqana
Kikubaaqudgha
Makhleb
Nemelex Xobeh
Okawaru
Qazlal
Ru
Trog
Uskayaw
Vehumet
Xom
Yredelemnul
Zin
The Shining One

Shops:
D:10 ((


Message History

The electric eel shoots out a bolt of lightning at you!
The bolt of electricity hits your battlesphere.
Your battlesphere completely resists.
The bolt of electricity hits you!
* * * LOW HITPOINT WARNING * * *
There is an open door here.
Casting: Magic Dart
Confirm with . or Enter, or press ? or * to list all spells.
Aiming: Magic Dart
Press: ? - help, Shift-Dir - straight line, f - electric eel
Aim: an electric eel You feel a surge of power!
The magic dart hits the electric eel.
The electric eel is moderately wounded.
Your battlesphere fires!
The barrage of energy hits the electric eel.
The electric eel is heavily wounded.
The electric eel shoots out a bolt of lightning at you!
The bolt of electricity hits the jackal.
The bolt of electricity hits you!
You die...

#........#
#†.##.#.###.
#######.##
#..........≈ #..#
#..≈.≈....≈≈ #.##
#...≈≈..≈≈≈≈ ##.#
#.....≈.≈≈≈≈ #..#
#...≈≈;≈≈≈≈≈ ###'###
#..≈≈≈≈≈≈..≈
#.....####.h;≈≈≈≈≈...
#.....@..............
#.....###*..≈≈≈
#.....# ..... #.....#
.≈≈≈ #.....# .≈≈
##'#### .≈ #.# ≈ #.#
#.##


You could see an electric eel, a jackal and a friendly battlesphere.

Vanquished Creatures
  2 centaur zombies
  A gargoyle (D:10)
  2 trolls (D:10)
  Grinder (D:4)
  2 hungry ghosts (D:9)
  3 hippogriffs
  The ghost of myxocpahck the Slinger, an amateur HaHu (D:3)
  An orc warrior (D:7)
  A phantom (D:6)
  A sky beast (D:6)
  2 ogres
  2 centaurs
  3 wolves (D:10)
  6 giant frogs
  A scorpion (D:4)
  6 killer bees (D:9)
  An electric eel (D:10)
  A crimson imp (D:7)
  The ghost of PurpleRed the Conjurer, a weakling DECj (D:4)
  A giant frog zombie (D:8)
  A jelly (D:6)
  5 hounds
  3 orc priests
  4 orc wizards
  A centaur skeleton (D:4)
  3 iguanas
  Natasha (thrice) (D:4)
  3 worker ants
  2 hound skeletons (D:9)
  6 adders
  2 shadow imps
  3 adder skeletons
  An adder zombie (D:8)
  4 giant geckos
  17 orcs
  5 giant cockroaches
  4 goblins
  A hobgoblin (D:2)
  5 jackals
  4 quokkas
  A ball python (D:2)
  4 bats
  A giant gecko skeleton (D:4)
  A giant newt (D:3)
  A jackal zombie (D:8)
  2 kobolds
  3 rats
129 creatures vanquished.

Notes
Turn   | Place    | Note
-------+----------+-------------------------------------------
     0 | D:1      | PurpleRed the Deep Elf Conjurer began the quest for the Orb.
     0 | D:1      | Reached XP level 1. HP: 10/10 MP: 6/6
    81 | D:2      | Reached XP level 2. HP: 15/15 MP: 1/8
   241 | D:3      | Reached skill level 5 in Conjurations
   263 | D:4      | Learned a level 2 spell: Searing Ray
   302 | D:4      | Reached XP level 3. HP: 19/19 MP: 2/10
   330 | D:5      | Entered Level 5 of the Dungeon
   337 | D:5      | Noticed a scorpion
   428 | D:5      | Noticed a phantom
   492 | D:4      | Found a staircase to the Ecumenical Temple.
   495 | D:4      | Noticed PurpleRed's ghost (weakling DECj)
   500 | D:4      | Reached XP level 4. HP: 17/24 MP: 7/12
   503 | D:4      | Killed PurpleRed's ghost
   505 | Temple   | Entered the Ecumenical Temple
   548 | D:4      | Noticed Grinder
   556 | D:4      | Killed Grinder
   556 | D:4      | Reached skill level 5 in Spellcasting
   556 | D:4      | Reached skill level 7 in Conjurations
   556 | D:4      | Reached XP level 5. HP: 12/28 MP: 3/14
   556 | D:4      | Reached XP level 6. HP: 14/32 MP: 3/16
   563 | D:4      | Noticed an orc warrior
   608 | D:4      | Noticed Natasha
   666 | D:4      | Killed Natasha
   798 | D:3      | Noticed myxocpahck's ghost (amateur HaHu)
   819 | D:3      | Killed myxocpahck's ghost
   828 | D:3      | Learned a level 4 spell: Iskenderun's Mystic Blast
   834 | D:3      | Learned a level 5 spell: Iskenderun's Battlesphere
   859 | D:4      | Noticed Natasha
   866 | D:4      | Killed Natasha
   872 | D:4      | Reached skill level 8 in Conjurations
   877 | D:4      | Noticed Natasha
   882 | D:4      | Reached skill level 1 in Charms
   882 | D:4      | Reached XP level 7. HP: 34/36 MP: 3/18
   898 | D:4      | Killed Natasha
  1177 | D:8      | Noticed a hippogriff
  1182 | D:8      | Killed a hippogriff
  1211 | D:8      | Reached skill level 9 in Conjurations
  1367 | D:9      | Reached XP level 8. HP: 41/41 MP: 11/20
  1388 | D:10     | Entered Level 10 of the Dungeon
  1391 | D:10     | Noticed a troll
  1395 | D:10     | Killed a troll
  1473 | D:9      | Reached skill level 10 in Conjurations
  1473 | D:9      | Reached skill level 5 in Charms
  1505 | D:10     | Found Vumpa's Antique Weapon Shoppe.
  1602 | D:9      | Reached XP level 9. HP: 45/45 MP: 4/23
  1713 | D:9      | Reached skill level 11 in Conjurations
  1747 | D:9      | Got a bronze leather armour
  1821 | D:8      | Identified the +1 leather armour "Gacloul" {*Confuse rF+ Int+4 Dex+2} (You found it on level 9 of the Dungeon)
  2595 | D:7      | Found an opulent altar of Gozag.
  2601 | D:7      | Found a sparkling altar of Nemelex Xobeh.
  2601 | D:7      | Found a blossoming altar of Fedhas.
  2602 | D:7      | Found a shadowy altar of Dithmenos.
  2604 | D:7      | Found an ancient bone altar of Kikubaaqudgha.
  2605 | D:7      | Found a burning altar of Makhleb.
  2931 | D:6      | Reached skill level 10 in Spellcasting
  3011 | D:6      | Reached skill level 12 in Conjurations
  3173 | D:6      | Found a radiant altar of Vehumet.
  3181 | D:6      | Became a worshipper of Vehumet
  3326 | D:10     | Found Hujur's Weapon Boutique.
  3327 | D:10     | Noticed a gargoyle
  3335 | D:10     | Killed a gargoyle
  3335 | D:10     | Reached XP level 10. HP: 42/50 MP: 15/26
  3445 | D:10     | Killed from afar by an electric eel

Vault maps used:
D:1:      dpeg_arrival_round_b
D:2:      led_sif_pool, uniq_sigmund, uniq_robin
D:4:      uniq_natasha, uniq_grinder, uniq_crazy_yiuf_cottage
D:5:      first_bread, minivault_26
D:6:      lemuel_coloured_pillars_altar
D:7:      minitemple
D:10:     erik_lair_island, serial_shops,
          nicolae_shop_temple_entry_statues_fountains, kennysheep_mini_moat,
          shop, shop, hangedman_ranch
Temple:   cyrus_circular_temple

Skill      XL: |  1  2  3  4  5  6  7  8  9 |
---------------+----------------------------+-----
Conjurations   | 5 7 8 9 10 12 | 12.7
Spellcasting   | 4 5 6 7 8 10 | 10.7
Charms         | 1 3 6 7 |  7.6
Dodging        | |  2.4
Stealth        | |  2.4

Action                   |  1- 3 |  4- 6 |  7- 9 | 10-12 || total
-------------------------+-------+-------+-------+-------++-------
Melee: Unarmed           |     1 |       |       |       ||     1
       Dagger            |     4 |     5 |    30 |       ||    39
       Staff             |       |       |     3 |    15 ||    18
 Cast: Magic Dart        |    40 |    14 |   105 |    16 ||   175
       Searing Ray       |     3 |    10 |    18 |       ||    31
       Iskenderun's Batt |       |       |    17 |     3 ||    20
       Iskenderun's Myst |       |       |     2 |       ||     2
Evoke: Wand              |       |       |     1 |       ||     1
  Use: Scroll            |     3 |       |     7 |     3 ||    13
 Stab: Sleeping          |       |     1 |     3 |       ||     4
  Eat: Chunk             |       |       |    11 |     1 ||    12
Armor: Robe              |     5 |     5 |     5 |       ||    15
       Troll hide        |       |       |     3 |       ||     3
       Leather armour    |       |       |    13 |     6 ||    19
Dodge: Dodged            |    11 |    18 |    63 |    24 ||   116
